 Dungeon Crawl Stone Soup version 0.28.0-47-ge53b351184 (webtiles) character file.

Game seed: 11582095169332595601

12780 boopmooplesden the Carver (level 11, -1/97 HPs)
             Began as a Purple Draconian Berserker on May 1, 2022.
             Was an Elder of Trog.
             Slain by Lamak's ghost (16 damage)
             ... on level 1 of the Lair of Beasts.
             The game lasted 00:18:44 (10918 turns).

boopmooplesden the Carver (DrBe)                   Turns: 10918, Time: 00:18:45

Health: -1/97      AC:  8    Str: 27    XL:     11   Next: 66%
Magic:  11/11      EV: 17    Int:  8    God:    Trog [****..]
Gold:   630        SH:  0    Dex: 17    Spells: 10/10 levels left

rFire   + + .      SeeInvis .   g - +5 long sword of Overwhelming Force {vorpal, rPois Str+2 Dex+2}
rCold   . . .      Faith    .   (no shield)
rNeg    . . .      Spirit   .   (armour unavailable)
rPois   +          Reflect  .   (helmet restricted)
rElec   .          Harm     .   (no cloak)
rCorr   .          Rampage  .   B - +0 pair of gloves of Disappointment {Str+4}
Will    ++...                   (no boots)
Stlth   +++.......              b - amulet "Riaphif" {Will+ Regen+ Str+2}
HPRegen 1.06/turn               w - ring of protection from fire
MPRegen 0.12/turn               c - ring of protection from fire

@: on berserk cooldown, slowed, very slow
A: breathe power, AC +7, unfitting armour, cold-blooded
a: Breathe Dispelling Energy, Renounce Religion, Berserk, Trog's Hand, Brothers
in Arms


You were on level 1 of the Lair of Beasts.
You worshipped Trog.
Trog was greatly pleased with you.
You visited 2 branches of the dungeon, and saw 10 of its levels.
You also visited: Sewer and Volcano.

You collected 800 gold pieces.
You spent 170 gold pieces at shops.

Inventory:

Hand Weapons
 a - a +2 falchion of flaming
 g - the +5 long sword of Overwhelming Force (weapon) {vorpal, rPois Str+2 Dex+2}
   (You bought it in a shop on level 9 of the Dungeon)

   It inflicts extra damage upon your enemies.
   Str:       It affects your strength (+2).
   Dex:       It affects your dexterity (+2).
   rPois:     It protects you from poison.
 o - a +3 war axe
 L - a +1 great sword of flaming
 M - a +1 scimitar of flaming
Missiles
 A - a throwing net (quivered)
Armour
 q - a +2 pair of gloves
 B - the +0 pair of gloves of Disappointment (worn) {Str+4}
   (You acquired it on level 6 of the Dungeon)

   Str:       It affects your strength (+4).
Jewellery
 b - the amulet "Riaphif" (around neck) {Will+ Regen+ Str+2}
   (You acquired it on level 2 of the Dungeon)

   [amulet of regeneration]

   Str:       It affects your strength (+2).
   Regen:     It increases your rate of health regeneration.
   Will:      It increases your willpower.
 c - a ring of protection from fire (right hand)
 d - a +6 ring of intelligence
 i - an amulet of magic regeneration
 v - a ring of magical power
 w - a ring of protection from fire (left hand)
 z - a ring of positive energy
 F - a +4 ring of evasion
 G - a +6 ring of dexterity
 I - a ring of ice
 J - a +4 ring of protection
Wands
 k - a wand of acid (6)
 p - a wand of charming (11)
 y - a wand of flame (2)
 H - a wand of iceblast (6)
Scrolls
 e - 3 scrolls of magic mapping
 h - 2 scrolls of fear
 j - 3 scrolls of identify
 m - a scroll of silence
 s - a scroll of holy word
 C - 3 scrolls of teleportation
 N - a scroll of brand weapon
Potions
 f - a potion of lignification
 l - a potion of might
 n - 3 potions of mutation
 r - a potion of cancellation {unknown}
 t - 5 potions of flight
 u - 4 potions of heal wounds
 x - a potion of resistance
 D - a potion of berserk rage {unknown}
 E - a potion of degeneration {unknown}
 K - a potion of invisibility {unknown}
 O - a potion of curing {unknown}


   Skills:
 + Level 9.5 Fighting
 + Level 13.0 Long Blades
 + Level 9.6 Dodging
 + Level 5.6 Stealth


You had 10 spell levels left.
You didn't know any spells.
Your spell library was empty.

Dungeon Overview and Level Annotations

Branches:
Dungeon (9/15)             Temple (0/1) D:5            Lair (1/6) D:8
  Sewer (visited)         Volcano (visited)
    Orc: D:9-12

Altars:
Cheibriados
Dithmenos
Elyvilon
Fedhas
Gozag
Kikubaaqudgha
Makhleb
Okawaru
Ru
Vehumet
The Shining One

Shops:
D:8 (   D:9 (

Annotations:
D:9 2 transporters, 2 runed translucent doors
Lair:1 Lamak's ghost, novice MiFi


Innate Abilities, Weirdness & Mutations

You can breathe bolts of dispelling energy.
Your rich purple scales are hard. (AC +7)
You cannot fit into any form of body armour.
You are cold-blooded and may be slowed by cold attacks.


Message History

Lamak's ghost hits you. Lamak's ghost hits you!
You hit Lamak's ghost but do no damage.
You tail-slap Lamak's ghost, but do no damage.
Lamak's ghost is lightly damaged.
Lamak's ghost barely misses you.
You hit Lamak's ghost.
You tail-slap Lamak's ghost, but do no damage.
Lamak's ghost is lightly damaged.
Lamak's ghost hits you!
You slash Lamak's ghost!
You tail-slap Lamak's ghost, but do no damage.
Lamak's ghost is moderately damaged.
Lamak's ghost hits you but does no damage.
You closely miss Lamak's ghost.
Lamak's ghost is moderately damaged.
Lamak's ghost hits you.
You barely miss Lamak's ghost.
You tail-slap Lamak's ghost, but do no damage.
Lamak's ghost is moderately damaged.
Lamak's ghost barely misses you.
You barely miss Lamak's ghost.
Lamak's ghost is moderately damaged.
Lamak's ghost misses you.
You hit Lamak's ghost.
Lamak's ghost is moderately damaged.
Lamak's ghost wails.
Lamak's ghost hits you!
You hit Lamak's ghost but do no damage.
Lamak's ghost is moderately damaged.
Lamak's ghost hits you!
* * * LOW HITPOINT WARNING * * *
You slice Lamak's ghost!!
Your tail-slap misses Lamak's ghost.
Lamak's ghost is heavily damaged.
Lamak's ghost hits you but does no damage.
You slash Lamak's ghost!
Your tail-slap misses Lamak's ghost.
Lamak's ghost is severely damaged.
Lamak's ghost hits you!
* * * LOW HITPOINT WARNING * * *
Lamak's ghost hits you!
You die...

................# ##....###.....P
................###....####..##..
.................#......##...###.
..............#####.........####.
........#..####♣♣♣#..........#...
..........## ♣?(#..............
.......P#.# ♣##........##..##
..........# P ♣♣#8....#.####.###
########..#♣.. ♣@#.....### ##.# #
####♣..!♣♣W.....# ### ##
♣...#.....## .#
###♣[.♣..#8.##..## ### #### ##.#♣
♣..##......#####.# ##.# #..##
♣♣..#.......##..## #P.##
##...####♣♣♣#.........#####
##..###.......#####........###...
##.....##.................###...#


You could see Lamak's ghost.

Vanquished Creatures
  An ogre mage (Volcano)
  5 two-headed ogres
  A hell knight (Volcano)
  2 molten gargoyles (Volcano)
  A cane toad (Lair:1)
  A komodo dragon (Lair:1)
  3 blink frogs (Lair:1)
  2 spriggans (Lair:1)
  A wyvern (D:8)
  5 yaks
  2 fire bats (Volcano)
  3 steam dragons
  3 wargs (D:8)
  4 water moccasins
  3 black bears
  2 orc warriors
  2 necrophages
  2 ogres
  A wolf (Lair:1)
  3 centaurs
  A phantom (D:4)
  2 kobold brigands
  5 bullfrogs
  A scorpion (D:5)
  A gnoll sergeant (D:8)
  A wyvern skeleton (D:7)
  21 killer bees
  3 wights (D:8)
  3 vampire bats (D:3)
  A howler monkey (D:7)
  3 lava snakes (Volcano)
  4 centaur zombies
  A bullfrog zombie (D:7)
  2 jellies
  A gnoll shaman (D:9)
  7 orc priests
  2 hounds
  2 bullfrog skeletons
  4 iguanas
  10 orc wizards
  A howler monkey zombie (D:7)
  11 adders
  12 gnolls
  A howler monkey skeleton (D:5)
  6 river rats
  A shadow imp (D:7)
  An adder skeleton (D:4)
  A dart slug (D:3)
  22 orcs
  14 bats
  A bat skeleton (D:3)
  4 bat zombies (D:3)
  10 endoplasms
  3 giant cockroaches
  8 goblins
  7 hobgoblins
  9 jackals
  7 quokkas
  11 ball pythons
  17 frilled lizards
  16 kobolds
  5 rats
290 creatures vanquished.

Vanquished Creatures (others)
  8 plants
8 creatures vanquished.

Grand Total: 298 creatures vanquished

Notes
Turn   | Place    | Note
-------+----------+-------------------------------------------
     0 | D:1      | boopmooplesden the Draconian Berserker began the quest for
                  | the Orb.
     0 | D:1      | Reached XP level 1. HP: 19/19 MP: 1/1
    49 | D:1      | Reached XP level 2. HP: 17/26 MP: 2/2
  1034 | D:1      | Reached XP level 3. HP: 33/33 MP: 3/3
  1374 | D:2      | Found a faded altar of an unknown god.
  1450 | D:2      | Reached ** piety under Trog
  1827 | D:2      | Identified a scroll of acquirement
  1827 | D:2      | Acquired the amulet "Riaphif" {Will+ Regen+ Str+2}
  1851 | D:3      | Reached XP level 4. HP: 40/40 MP: 4/4
  1856 | D:3      | Reached skill level 1 in Stealth
  1858 | D:3      | Reached skill level 4 in Long Blades
  2040 | D:3      | Noticed a black bear
  2050 | D:3      | Killed a black bear
  2051 | D:3      | Reached XP level 5. HP: 46/46 MP: 5/5
  2259 | D:3      | Found an ancient bone altar of Kikubaaqudgha.
  2268 | D:3      | Reached skill level 5 in Long Blades
  2272 | D:3      | Reached XP level 6. HP: 53/53 MP: 6/6
  2304 | D:3      | Found a glowing golden altar of the Shining One.
  2447 | D:3      | Found a glowing drain.
  2482 | Sewer    | Entered a sewer
  3581 | D:4      | Your scales start taking on a rich purple colour.
  3581 | D:4      | Reached XP level 7. HP: 58/60 MP: 7/7
  3673 | D:4      | Found a sacrificial altar of Ru.
  3856 | D:4      | Reached *** piety under Trog
  3857 | D:4      | Reached skill level 5 in Fighting
  3857 | D:4      | Reached skill level 6 in Long Blades
  4006 | D:4      | Reached skill level 5 in Dodging
  4352 | D:5      | Entered Level 5 of the Dungeon
  4352 | D:5      | Found a staircase to the Ecumenical Temple.
  4560 | D:5      | Reached XP level 8. HP: 25/69 MP: 8/8
  4602 | D:5      | Reached skill level 7 in Long Blades
  5267 | D:6      | Reached skill level 8 in Long Blades
  5493 | D:6      | Found a blossoming altar of Fedhas.
  5640 | D:6      | Reached XP level 9. HP: 63/77 MP: 9/9
  6103 | D:6      | Acquired the +0 pair of gloves of Disappointment {Str+4}
  6296 | D:7      | Reached skill level 9 in Long Blades
  6746 | D:7      | Reached **** piety under Trog
  7448 | D:8      | Found an opulent altar of Gozag.
  7535 | D:8      | Reached skill level 10 in Long Blades
  7548 | D:8      | Reached XP level 10. HP: 78/86 MP: 10/10
  7562 | D:8      | Found a staircase to the Lair.
  7932 | D:8      | Noticed a two-headed ogre
  7940 | D:8      | Killed a two-headed ogre
  8086 | D:8      | Found Ekoatzuf's Antique Weapon Shoppe.
  8606 | D:9      | Found Patek's Antique Weapon Shop.
  8609 | D:9      | Bought a scorched long sword for 170 gold pieces
  8609 | D:9      | Identified the +5 long sword of Overwhelming Force {vorpal,
                  | rPois Str+2 Dex+2} (You bought it in a shop on level 9 of
                  | the Dungeon)
  8617 | D:9      | Found a radiant altar of Vehumet.
  8618 | D:9      | Found a shadowy altar of Dithmenos.
  8618 | D:9      | Found a burning altar of Makhleb.
  8619 | D:9      | Found a white marble altar of Elyvilon.
  8622 | D:9      | Found a transporter.
  8625 | D:9      | Found a transporter.
  8639 | D:9      | Found a transporter.
  8639 | D:9      | Found a transporter.
  8643 | D:9      | Found a transporter.
  8643 | D:9      | Found a transporter.
  8806 | D:9      | Found a large runed translucent door.
  8807 | D:9      | Found a large runed translucent door.
  8960 | D:9      | Found a snail-covered altar of Cheibriados.
  9025 | D:9      | Reached skill level 11 in Long Blades
  9130 | D:9      | Found an iron altar of Okawaru.
  9139 | D:9      | Reached ***** piety under Trog
  9316 | Lair:1   | Entered Level 1 of the Lair of Beasts
  9434 | Lair:1   | Noticed a cane toad
  9442 | Lair:1   | Killed a cane toad
  9488 | Lair:1   | Found a runed translucent door.
  9491 | Lair:1   | Identified the +10 spear "Qautta Jeu" {vorpal, +Blink
                  | Will+}
  9491 | Lair:1   | Noticed Lamak's ghost (novice MiFi)
  9676 | Lair:1   | Found a dark tunnel.
  9682 | Volcano  | Entered a volcano
  9822 | Volcano  | Reached skill level 5 in Stealth
  9900 | Volcano  | Found a bloodstained altar of Trog.
  9900 | Volcano  | Noticed a two-headed ogre
  9900 | Volcano  | Noticed a two-headed ogre
  9900 | Volcano  | Noticed an ogre mage
  9900 | Volcano  | Noticed a two-headed ogre
  9908 | Volcano  | Killed a two-headed ogre
  9909 | Volcano  | Reached XP level 11. HP: 95/95 MP: 11/11
  9912 | Volcano  | Killed a two-headed ogre
  9913 | Volcano  | Reached skill level 12 in Long Blades
  9915 | Volcano  | Killed a two-headed ogre
  9921 | Volcano  | Killed an ogre mage
  9931 | Volcano  | Noticed a two-headed ogre
  9974 | Volcano  | Killed a two-headed ogre
 10048 | Volcano  | Noticed a hell knight
 10058 | Volcano  | Killed a hell knight
 10894 | Lair:1   | Reached skill level 13 in Long Blades
 10918 | Lair:1   | Slain by Lamak's ghost

Illustrated notes

Levels and vault maps discovered:
D:1:      lightli_arrival_flooded_house, layout_basic, minmay_split_cup_large
D:2:      layout_rooms, ebering_ecumenical_altar_hall, minmay_lizard_king
D:3:      layout_loops_ring, kennysheep_vampire_church,
          nicolae_tso_swordbearing_angel, portal_sewer_entry_a,
          hangedman_decor_push
D:4:      layout_loops_corners, mainiacjoe_overflow_catwalk
D:5:      layout_loops_ring, minmay_temple_entry_butterflies
D:6:      layout_layer_cave, fedhas_altar_1, kennysheep_generic_room_12
D:7:      layout_basic
D:8:      layout_loops_cross, grunt_gozag_breadcrumbs,
          erik_lair_orcish_takeover, serial_shops, nicolae_shop_statue_plus,
          nicolae_concentric_dashed_squares_wild, minmay_misc_feat_tower,
          minmay_crossroads
D:9:      layout_gridville, chequers_temple_overflow_statue_of_worship,
          okawaru_altar_gauntlet_db, jmf_multi_god_temple2, lemuel_doored_altar,
          serial_shops, nicolae_shop_behind_doors, serial_nicolae_subway,
          nicolae_sub_station_stone, nicolae_sub_station_crystal,
          nicolae_sub_station_metal
Lair:1:   layout_cave_shapes, nicolae_volcano_entry_s_turn,
          ebering_ghost_funeral_grove

Skill      XL: |  1  2  3  4  5  6  7  8  9 10 11 |
---------------+----------------------------------+-----
Dodging        | 3 4 5 6 7 8 9 |  9.6
Stealth        | 1 2 3 4 5 |  5.6
Long Blades    | 4 5 6 8 10 11 13 | 13.0
Fighting       | 4 5 6 7 8 9 |  9.5

Action                   |  1- 3 |  4- 6 |  7- 9 | 10-12 || total
-------------------------+-------+-------+-------+-------++-------
Melee: Falchion          |   146 |   245 |   326 |    98 ||   815
       Punch             |     1 |     2 |     6 |     4 ||    13
       Tailslap          |    12 |    26 |    35 |    38 ||   111
       Long sword        |       |       |       |   179 ||   179
Invok: Berserk           |     2 |     6 |     7 |     8 ||    23
 Abil: Breathe Dispellin |       |       |     3 |     1 ||     4
  Use: Scroll            |     1 |     9 |    11 |     2 ||    23
       Potion            |       |       |       |     1 ||     1
 Stab: Sleeping          |     1 |     1 |     6 |     5 ||    13
Armor: Skin              |    64 |   188 |    98 |    47 ||   397
Dodge: Dodged            |   112 |   411 |   289 |   207 ||  1019
